 Dungeon Sprint DCSS version 0.17-a0-1719-g1afd5a1 (webtiles) character file.

40335 Kidiri the Unseen (level 13, -15/55 HPs)
             Began as a Spriggan Enchanter on Aug 27, 2015.
             Was the Champion of Dithmenos.
             Demolished by a dire elephant (35 damage)
             ... in the Dungeon (Sprint III: "The Ten Rune Challenge").
             The game lasted 00:24:03 (4326 turns).

Kidiri the Unseen (Spriggan Enchanter)              Turns: 4326, Time: 00:24:03

Health: -15/55     AC:  5    Str:  4    XL:     13   Next: 3%
Magic:  3/31       EV: 35    Int: 19    God:    Dithmenos [******]
Gold:   28         SH:  0    Dex: 19    Spells: 11 memorised, 6 levels left

rFire  + . .     SeeInvis +     a - +1 dagger
rCold  . . .     Clarity  .     b - +1 robe
rNeg   . . .     SustAt   .     (shield restricted)
rPois  .         Gourm    .     (helmet restricted)
rElec  .         Spirit   .     (no cloak)
rCorr  .         Warding  .     (gloves unavailable)
rMut   .         NoTele   +     (boots unavailable)
MR     ++...                    (no amulet)
Stlth  ++++......               (no ring)
                                (no ring)

@: contaminated, glowing, very quick, very resistant to hostile enchantments,
stealthy
A: unfitting armour, horns 1, yellow scales 1, see invisible, fire resistance 1,
herbivore 3, speed 3, low mp 1, slow metabolism 2
a: Shadow Step, Shadow Form, Renounce Religion
}: 1/10 runes: serpentine


You were in the Dungeon.
You worshipped Dithmenos.
Dithmenos was exalted by your worship.
You were not hungry.

You visited 1 branch You collected 28 gold pieces.

Inventory:

Hand weapons
 a - a +1 dagger (weapon)
 v - a +2 executioner's axe of draining
Missiles
 c - 10 throwing nets (quivered)
Armour
 b - a +1 robe (worn)
 d - a +0 hat
 w - a +2 ring mail of cold resistance
Scrolls
 k - a scroll of magic mapping {unknown}
 m - a scroll of holy word {unknown}
 n - a scroll of enchant armour {unknown}
 o - 3 scrolls of remove curse
 s - a scroll of immolation {unknown}
 t - a scroll of identify {unknown}
Potions
 e - a potion of curing
 g - a potion of haste
 h - a potion of magic
 i - a potion of berserk rage
 q - 4 potions of cure mutation
 r - 2 potions of flight {unknown}
 u - a potion of might
Books
 l - a book of Transfigurations

   Spells                             Type                      Level
   a - Stoneskin                      Transmutation/Earth          2
   b - Irradiate                      Conjuration/Transmutation    5
   c - Statue Form                    Transmutation/Earth          6
   d - Hydra Form                     Transmutation                6
   e - Dragon Form                    Transmutation                7
Comestibles
 p - 25 royal jellies
 C - 6 fruits


   Skills:
 + Level 11.0 Short Blades
 * Level 18.8 Dodging
 * Level 20.6 Stealth
 * Level 16.4 Spellcasting
 + Level 7.5 Conjurations
 + Level 12.6 Hexes
 + Level 12.7 Translocations
 + Level 11.5 Transmutations
 + Level 8.3 Ice Magic
 + Level 8.1 Earth Magic
 - Level 3.2 Invocations


You had 6 spell levels left.
You knew the following spells:

 Your Spells              Type           Power        Failure   Level  Hunger
a - Corona                Hex            ######.      1%          1    None
b - Ensorcelled Hibernat  Hex/Ice        ######       1%          2    None
c - Confuse               Hex            ######..     1%          3    None
d - Tukima's Dance        Hex            ######..     1%          3    None
e - Dazzling Spray        Conj/Hex       ######..     1%          3    None
f - Apportation           Tloc           ######....   1%          1    None
g - Invisibility          Hex            ######..     3%          6    #####..
h - Stoneskin             Trmt/Erth      ######..     1%          2    None
i - Irradiate             Conj/Trmt      ######....   1%          5    ###....
j - Statue Form           Trmt/Erth      ######...    14%         6    #####..
k - Hydra Form            Trmt           ######....   6%          6    #####..


Dungeon Overview and Level Annotations

Branches:
Dungeon (1/1)

Altars:
Cheibriados
Dithmenos
Elyvilon
Fedhas
Gozag
Kikubaaqudgha
Makhleb
Nemelex Xobeh
Okawaru
Qazlal
Ru
Sif Muna
Trog
Vehumet
Xom
Yredelemnul
Zin
The Shining One
Jiyva
Lugonu

Shops:
D }?[[%}

Annotations:
D Xtahua


Innate Abilities, Weirdness & Mutations

You are tiny and cannot use many weapons and most armour.
You have supernaturally acute eyesight.
You are a herbivore.
You cover ground extremely quickly.
You need consume almost no food.
You have a pair of small horns on your head.
You are partially covered in yellow scales (AC +2).
Your flesh is heat resistant.
Your magical capacity is low (-10% MP).


Message History

The elephant is almost dead.
The spray of energy hits the dire elephant.
The dire elephant is heavily wounded.
Your shadow mimicks your spell!
The shadow shard hits the elephant.
You kill the elephant!
Dithmenos accepts your kill.
The dire elephant completely misses you.
The dire elephant misses you.
Casting: Dazzling Spray
Confirm with . or Enter, or press ? or * to list all spells.
You don't have enough magic to cast that spell.
Unknown command.
Unknown command.
Unknown command.
The dire elephant completely misses you. x2
You see here 4 inedible chunks of flesh.
The dire elephant tramples you!!
Ouch! That really hurt!
You die...

▓Y..+≈.§≈.≈≈≈≈♣♣.....♣♣♣♣≈≈
▓..P#≈≈≈§§§§.≈♣♣.≈≈≈≈+♣♣'♣≈
▓Y.Y#≈≈≈≈§§≈≈≈%'...%%#.≈♣♣♣
▓.Yw#≈≈§§≈§≈≈≈♣♣♣♣♣♣♣#..♣♣
..!#≈≈≈≈§≈≈≈≈♣ ###+♣♣
▓##'####+#######♣ ♣♣♣♣.##
▓...w....w......♣♣ ♣...##.
▓#+#############'♣ ♣♣.##.#
...#≈P...@Y.....♣ ♣..#.#
▓...+≈≈..%########♣♣ ♣♣.##.
▓J..#≈≈≈....Y....PP♣ ♣♣.##.
▓..J#≈≈≈≈P..P.....P♣ ♣.....
#+#############+#### ######
#.♣♣ #♣.♣ ♣.♣♣ ##### ♣♣.♣
...φ#


You could see a dire elephant and an azure jelly.

Vanquished Creatures
  Rupert (D)
  Gastronok (D)
  A greater naga (D)
  Maud (D)
  A fire dragon (D)
  A naga warrior (D)
  2 hydras (D)
  Erolcha (D)
  4 death yaks (D)
  3 anacondas (D)
  A death drake (D)
  A spriggan druid (D)
  A lindwurm (D)
  An elephant (D)
  8 black mambas (D)
  A guardian serpent (D)
  2 spiny frogs (D)
  A fire drake (D)
  A komodo dragon (D)
  A deep elf priest (D)
  3 wandering mushrooms (D)
  8 blink frogs (D)
  A queen bee (D)
  2 trapdoor spiders (D)
  A shadow (D)
  4 redbacks (D)
  2 spriggans (D)
  A hill giant (D)
  A spatial vortex (D)
  7 water moccasins (D)
  2 nagas (D)
  A swamp drake (D)
  A necrophage (D)
  2 brain worms (D)
  A two-headed ogre (D)
  A water elemental (D)
  32 killer bees (D)
  An electric eel (D)
  A jelly (D)
  A wizard (D)
  A necromancer (D)
  A kobold demonologist (D)
  3 humans (D)
  2 adders (D)
  An ooze (D)
  A phantom (D)
  3 rats (D)
  A plant (D)
120 creatures vanquished.

Vanquished Creatures (collateral kills)
  A hill giant (D)
  2 two-headed ogres (D)
3 creatures vanquished.

Vanquished Creatures (others)
  2 draconian scorchers (D)
  3 yaktaurs (D)
  2 fire drakes (D)
  12 plants (D)
19 creatures vanquished.

Grand Total: 142 creatures vanquished

Notes
Turn   | Place    | Note
--------------------------------------------------------------
     0 | D        | Kidiri the Spriggan Enchanter began the quest for the Orb.
     0 | D        | Reached XP level 1. HP: 9/9 MP: 5/5
     9 | D        | Reached skill level 5 in Stealth
    73 | D        | Reached XP level 2. HP: 13/13 MP: 5/7
    81 | D        | Learned a level 2 spell: Ensorcelled Hibernation
   168 | D        | Killed a yaktaur
   206 | D        | Reached skill level 6 in Stealth
   224 | D        | Gained mutation: You are partially covered in yellow scales (AC +2). [potion of mutation]
   224 | D        | Gained mutation: You are agile. (Dex +2) [potion of mutation]
   224 | D        | Lost mutation: You are agile. (Dex +2) [potion of mutation]
   225 | D        | Gained mutation: Your flesh is heat resistant. [potion of mutation]
   225 | D        | Gained mutation: You have a pair of small horns on your head. [potion of mutation]
   225 | D        | Gained mutation: Your magical capacity is low (-10% MP). [potion of mutation]
   260 | D        | Killed a white draconian scorcher
   272 | D        | Killed a white draconian scorcher
   285 | D        | Killed a yaktaur
   301 | D        | Killed a fire drake
   343 | D        | Noticed a water elemental
   346 | D        | Killed a water elemental
   346 | D        | Reached skill level 7 in Stealth
   346 | D        | Reached skill level 5 in Spellcasting
   346 | D        | Reached skill level 5 in Hexes
   346 | D        | Reached skill level 1 in Ice Magic
   346 | D        | Reached XP level 3. HP: 16/16 MP: 7/9
   346 | D        | Reached XP level 4. HP: 21/21 MP: 8/11
   351 | D        | Learned a level 3 spell: Confuse
   355 | D        | Learned a level 3 spell: Tukima's Dance
   359 | D        | Learned a level 3 spell: Dazzling Spray
   363 | D        | Killed a yaktaur
   384 | D        | Noticed a jelly
   385 | D        | Noticed a shadow
   387 | D        | Killed a shadow
   387 | D        | Reached skill level 8 in Dodging
   387 | D        | Reached skill level 9 in Stealth
   387 | D        | Reached skill level 1 in Conjurations
   387 | D        | Reached XP level 5. HP: 24/24 MP: 12/14
   390 | D        | Killed a jelly
   390 | D        | Reached skill level 10 in Stealth
   390 | D        | Reached XP level 6. HP: 28/28 MP: 8/15
   440 | D        | Found a stormy altar of Qazlal.
   441 | D        | Found a sacrificial altar of Ru.
   441 | D        | Found a burning altar of Makhleb.
   441 | D        | Found a viscous altar of Jiyva.
   441 | D        | Found a shimmering altar of Xom.
   441 | D        | Found a shadowy altar of Dithmenos.
   441 | D        | Found a sparkling altar of Nemelex Xobeh.
   441 | D        | Found a corrupted altar of Lugonu.
   441 | D        | Found an opulent altar of Gozag.
   441 | D        | Noticed a spatial vortex
   445 | D        | Became a worshipper of Dithmenos the Shadowed
   447 | D        | Killed a spatial vortex
   447 | D        | Reached skill level 1 in Invocations
   471 | D        | Found a radiant altar of Vehumet.
   472 | D        | Found a deep blue altar of Sif Muna.
   472 | D        | Found an ancient bone altar of Kikubaaqudgha.
   472 | D        | Noticed a wizard
   473 | D        | Killed a wizard
   475 | D        | Reached skill level 11 in Stealth
   485 | D        | Learned a level 1 spell: Apportation
   492 | D        | Learned a level 6 spell: Invisibility
   580 | D        | Learned a level 2 spell: Stoneskin
   588 | D        | Found a glowing silver altar of Zin.
   589 | D        | Found a glowing golden altar of the Shining One.
   589 | D        | Found a white marble altar of Elyvilon.
   589 | D        | Noticed a deep elf priest
   591 | D        | Killed a deep elf priest
   591 | D        | Reached skill level 5 in Short Blades
   591 | D        | Reached skill level 10 in Dodging
   591 | D        | Reached skill level 1 in Earth Magic
   591 | D        | Reached XP level 7. HP: 32/32 MP: 16/18
   626 | D        | Found an iron altar of Okawaru.
   627 | D        | Found a bloodstained altar of Trog.
   627 | D        | Noticed a human
   627 | D        | Noticed a human
   632 | D        | Killed a human
   640 | D        | Killed a human
   640 | D        | Acquired Dithmenos's first power
   640 | D        | Reached skill level 12 in Stealth
   702 | D        | Found a snail-covered altar of Cheibriados.
   702 | D        | Noticed a necrophage
   703 | D        | Found a basalt altar of Yredelemnul.
   703 | D        | Found a blossoming altar of Fedhas.
   703 | D        | Noticed a necromancer
   704 | D        | Killed a necrophage
   704 | D        | Reached XP level 8. HP: 36/36 MP: 18/20
   705 | D        | Killed a necromancer
   759 | D        | Learned a level 5 spell: Irradiate
   766 | D        | Noticed a two-headed ogre
   766 | D        | Noticed a two-headed ogre
   772 | D        | Killed a two-headed ogre
   776 | D        | Noticed a two-headed ogre
   790 | D        | Killed a two-headed ogre
   790 | D        | Acquired Dithmenos's second power
   829 | D        | Killed a two-headed ogre
   936 | D        | Noticed a hill giant
   939 | D        | Killed a hill giant
   946 | D        | Noticed a hill giant
   946 | D        | Noticed Erolcha
   972 | D        | Killed Erolcha
   972 | D        | Reached skill level 13 in Stealth
   972 | D        | Reached skill level 10 in Spellcasting
   972 | D        | Reached skill level 5 in Translocations
   972 | D        | Reached XP level 9. HP: 39/39 MP: 16/22
   980 | D        | Killed a hill giant
   980 | D        | Acquired Dithmenos's third power
  1122 | D        | Killed a fire drake
  1225 | D        | Noticed a redback
  1230 | D        | Killed a redback
  1230 | D        | Reached skill level 5 in Transmutations
  1252 | D        | Noticed a trapdoor spider
  1259 | D        | Killed a trapdoor spider
  1292 | D        | Noticed a trapdoor spider
  1294 | D        | Killed a trapdoor spider
  1294 | D        | Reached skill level 14 in Stealth
  1294 | D        | Reached skill level 5 in Ice Magic
  1331 | D        | Noticed a killer bee
  1331 | D        | Noticed a killer bee
  1331 | D        | Noticed a killer bee
  1331 | D        | Noticed a killer bee
  1331 | D        | Noticed a killer bee
  1331 | D        | Noticed a killer bee
  1331 | D        | Noticed a killer bee
  1331 | D        | Noticed a killer bee
  1331 | D        | Noticed a killer bee
  1331 | D        | Noticed a killer bee
  1331 | D        | Noticed a killer bee
  1331 | D        | Noticed a killer bee
  1331 | D        | Noticed a killer bee
  1331 | D        | Noticed a killer bee
  1331 | D        | Noticed a killer bee
  1332 | D        | Noticed a killer bee
  1332 | D        | Noticed a killer bee
  1332 | D        | Noticed a killer bee
  1332 | D        | Noticed a killer bee
  1332 | D        | Noticed a killer bee
  1332 | D        | Noticed a queen bee
  1332 | D        | Noticed a killer bee
  1332 | D        | Noticed a killer bee
  1332 | D        | Noticed a killer bee
  1332 | D        | Noticed a killer bee
  1332 | D        | Noticed a killer bee
  1332 | D        | Noticed a killer bee
  1332 | D        | Noticed a killer bee
  1332 | D        | Noticed a killer bee
  1332 | D        | Noticed a killer bee
  1332 | D        | Noticed a killer bee
  1332 | D        | Noticed a killer bee
  1332 | D        | Noticed a killer bee
  1335 | D        | Killed a killer bee
  1337 | D        | Killed a killer bee
  1337 | D        | Acquired Dithmenos's fourth power
  1340 | D        | Killed a killer bee
  1342 | D        | Killed a killer bee
  1344 | D        | Killed a killer bee
  1346 | D        | Killed a killer bee
  1349 | D        | Killed a killer bee
  1351 | D        | Killed a killer bee
  1353 | D        | Killed a killer bee
  1481 | D        | Killed a killer bee
  1483 | D        | Killed a killer bee
  1485 | D        | Killed a killer bee
  1487 | D        | Killed a killer bee
  1493 | D        | Killed a killer bee
  1495 | D        | Killed a killer bee
  1497 | D        | Killed a killer bee
  1499 | D        | Killed a killer bee
  1644 | D        | Killed a killer bee
  1646 | D        | Killed a killer bee
  1649 | D        | Killed a killer bee
  1651 | D        | Killed a killer bee
  1653 | D        | Killed a killer bee
  1655 | D        | Killed a killer bee
  1657 | D        | Killed a killer bee
  1660 | D        | Killed a killer bee
  1786 | D        | Killed a killer bee
  1787 | D        | Killed a killer bee
  1787 | D        | Reached skill level 15 in Stealth
  1788 | D        | Killed a killer bee
  1788 | D        | Killed a killer bee
  1789 | D        | Killed a killer bee
  1789 | D        | Reached XP level 10. HP: 44/44 MP: 10/24
  1791 | D        | Killed a killer bee
  1800 | D        | Killed a killer bee
  1802 | D        | Killed a queen bee
  1848 | D        | Learned a level 6 spell: Statue Form
  1921 | D        | Noticed a wandering mushroom
  1922 | D        | Noticed a wandering mushroom
  1922 | D        | Noticed a wandering mushroom
  1930 | D        | Killed a wandering mushroom
  1993 | D        | Killed a wandering mushroom
  1996 | D        | Killed a wandering mushroom
  2015 | D        | Noticed a spiny frog
  2015 | D        | Noticed a komodo dragon
  2015 | D        | Noticed a spiny frog
  2018 | D        | Killed a spiny frog
  2019 | D        | Killed a komodo dragon
  2020 | D        | Killed a spiny frog
  2020 | D        | Reached skill level 5 in Conjurations
  2023 | D        | Noticed a redback
  2025 | D        | Killed a redback
  2026 | D        | Noticed a brain worm
  2029 | D        | Killed a brain worm
  2029 | D        | Reached skill level 16 in Stealth
  2035 | D        | Noticed a brain worm
  2037 | D        | Killed a brain worm
  2043 | D        | Noticed a lindwurm
  2045 | D        | Noticed a redback
  2046 | D        | Killed a lindwurm
  2046 | D        | Reached skill level 10 in Hexes
  2048 | D        | Killed a redback
  2048 | D        | Reached skill level 5 in Earth Magic
  2053 | D        | Noticed a redback
  2054 | D        | Killed a redback
  2055 | D        | Noticed Maud
  2059 | D        | Killed Maud
  2059 | D        | Reached skill level 15 in Dodging
  2059 | D        | Reached XP level 11. HP: 47/47 MP: 22/26
  2081 | D        | Noticed an electric eel
  2082 | D        | Noticed a six-headed hydra
  2082 | D        | Noticed a six-headed hydra
  2084 | D        | Killed an electric eel
  2086 | D        | Killed a six-headed hydra
  2086 | D        | Reached skill level 17 in Stealth
  2087 | D        | Killed a six-headed hydra
  2125 | D        | Noticed a death drake
  2128 | D        | Killed a death drake
  2138 | D        | Found a blossoming altar of Fedhas.
  2138 | D        | Noticed a spriggan
  2138 | D        | Noticed a spriggan druid
  2138 | D        | Noticed a spriggan
  2140 | D        | Killed a spriggan druid
  2140 | D        | Reached skill level 10 in Translocations
  2141 | D        | Killed a spriggan
  2142 | D        | Killed a spriggan
  2378 | D        | Noticed an anaconda
  2379 | D        | Noticed a black mamba
  2380 | D        | Noticed a water moccasin
  2380 | D        | Noticed a water moccasin
  2380 | D        | Noticed a water moccasin
  2380 | D        | Noticed a black mamba
  2380 | D        | Noticed a black mamba
  2381 | D        | Killed an anaconda
  2386 | D        | Killed a black mamba
  2390 | D        | Killed a black mamba
  2393 | D        | Killed a black mamba
  2393 | D        | Reached skill level 18 in Stealth
  2395 | D        | Killed a water moccasin
  2654 | D        | Learned a level 6 spell: Hydra Form
  2658 | D        | Killed a water moccasin
  2683 | D        | Killed a water moccasin
  2773 | D        | Noticed a black mamba
  2773 | D        | Noticed a black mamba
  2773 | D        | Noticed a water moccasin
  2773 | D        | Noticed an anaconda
  2774 | D        | Noticed a water moccasin
  2775 | D        | Killed an anaconda
  2778 | D        | Killed a black mamba
  2779 | D        | Killed a water moccasin
  2782 | D        | Killed a water moccasin
  2783 | D        | Killed a black mamba
  2811 | D        | Noticed a water moccasin
  2811 | D        | Noticed an anaconda
  2811 | D        | Noticed a black mamba
  2811 | D        | Noticed a water moccasin
  2813 | D        | Killed a black mamba
  2825 | D        | Killed a water moccasin
  2828 | D        | Killed a water moccasin
  2870 | D        | Killed an anaconda
  2870 | D        | Reached skill level 10 in Transmutations
  2890 | D        | Noticed a naga
  2890 | D        | Noticed a naga
  2891 | D        | Noticed a naga warrior
  2891 | D        | Noticed a greater naga
  2891 | D        | Found Duynix's Antique Armour Shop.
  2891 | D        | Found Jaotwirch's Food Shoppe.
  2891 | D        | Found Qiry's Gadget Boutique.
  2892 | D        | Killed a naga
  2892 | D        | Reached XP level 12. HP: 51/51 MP: 23/28
  2893 | D        | Killed a naga
  2895 | D        | Killed a naga warrior
  2896 | D        | Killed a greater naga
  2896 | D        | Reached skill level 19 in Stealth
  2896 | D        | Reached skill level 15 in Spellcasting
  2918 | D        | Noticed a guardian serpent
  2920 | D        | Killed a guardian serpent
  2920 | D        | Reached skill level 10 in Short Blades
  2924 | D        | Got a serpentine rune of Zot
  3139 | D        | Noticed a swamp drake
  3139 | D        | Noticed a fire drake
  3140 | D        | Killed a fire drake
  3142 | D        | Killed a swamp drake
  3152 | D        | Noticed a blink frog
  3152 | D        | Noticed a blink frog
  3152 | D        | Noticed a blink frog
  3153 | D        | Noticed a blink frog
  3153 | D        | Noticed a blink frog
  3161 | D        | Killed a blink frog
  3165 | D        | Killed a blink frog
  3167 | D        | Killed a blink frog
  3169 | D        | Killed a blink frog
  3361 | D        | Killed a blink frog
  3381 | D        | Noticed Rupert
  3383 | D        | Killed Rupert
  3409 | D        | Noticed a death yak
  3410 | D        | Noticed a death yak
  3410 | D        | Noticed a blink frog
  3413 | D        | Noticed an azure jelly
  3413 | D        | Noticed an azure jelly
  3413 | D        | Noticed a death yak
  3413 | D        | Noticed a blink frog
  3413 | D        | Noticed an azure jelly
  3413 | D        | Noticed an azure jelly
  3413 | D        | Noticed a blink frog
  3413 | D        | Noticed a death yak
  3414 | D        | Killed a death yak
  3415 | D        | Killed a blink frog
  3417 | D        | Killed a death yak
  3418 | D        | Noticed a black mamba
  3419 | D        | Killed a death yak
  3419 | D        | Reached skill level 20 in Stealth
  3421 | D        | Killed a blink frog
  3422 | D        | Noticed a black mamba
  3423 | D        | Killed a blink frog
  3424 | D        | Killed a death yak
  3432 | D        | Killed a black mamba
  3437 | D        | Killed a black mamba
  3656 | D        | Noticed a fire dragon
  3659 | D        | Found Bennet's Gadget Shoppe.
  3659 | D        | Found Baalojell's Magic Scroll Boutique.
  3659 | D        | Found Rosivufa's Antique Armour Emporium.
  3664 | D        | Killed a fire dragon
  3929 | D        | Noticed an eight-headed hydra
  3929 | D        | Noticed Xtahua
  3929 | D        | Noticed a fire dragon
  4089 | D        | Noticed an elephant
  4089 | D        | Noticed an elephant
  4089 | D        | Noticed a dire elephant
  4089 | D        | Noticed a dire elephant
  4089 | D        | Noticed Gastronok
  4105 | D        | HP: 1/51 [Gastronok/the air (17)]
  4255 | D        | Killed Gastronok
  4255 | D        | Reached XP level 13. HP: 7/55 MP: 15/31
  4318 | D        | Killed an elephant
  4326 | D        | Demolished by a dire elephant

Vault maps used:
D:        dungeon_sprint_mu

Action                   |  1- 3 |  4- 6 |  7- 9 | 10-12 | 13-15 || total
-------------------------+-------+-------+-------+-------+-------++-------
Melee: Dagger            |    15 |     6 |    60 |   191 |     2 ||   274
 Cast: Ensorcelled Hiber |     3 |     2 |    48 |    28 |     1 ||    82
       Corona            |     1 |       |       |       |       ||     1
       Confuse           |       |       |     2 |     1 |       ||     3
       Dazzling Spray    |       |       |     7 |    18 |     8 ||    33
       Tukima's Dance    |       |       |     4 |       |       ||     4
       Invisibility      |       |       |       |     3 |       ||     3
       Irradiate         |       |       |       |     1 |       ||     1
Invok: Shadow Step       |       |       |     3 |    14 |       ||    17
  Use: Potion            |     2 |       |     1 |     2 |     1 ||     6
       Scroll            |       |       |       |       |     1 ||     1
 Stab: Sleeping          |     6 |     6 |    34 |    57 |       ||   103
       Confused          |       |       |     2 |       |       ||     2
       Invisible         |       |       |       |     6 |       ||     6
  Eat: Bread ration      |       |       |       |     1 |       ||     1
